 Dungeon Crawl Stone Soup version 0.31.0-11-ge490571c62 (webtiles) character file.

Game seed: 636224147764490678

9 browni3141 the Firebug (level 2, 0/19 HPs)
             Began as a Demonspawn Fire Elementalist on Jan 30, 2024.
             Slain by a kobold
             ... wielding a +1 short sword of holy wrath
              (2 damage)
             ... on level 1 of the Dungeon.
             The game lasted 00:00:29 (510 turns).

browni3141 the Firebug (DsFE)                        Turns: 510, Time: 00:00:29

Health: 0/19       AC:  2    Str:  8    XL:     2   Next: 6%
Magic:  4/5        EV: 12    Int: 15    God:
Gold:   29         SH:  0    Dex: 13    Spells: 4/5 levels left

rFire   . . .        e - +0 dagger
rCold   . . .        (no shield)
rNeg    . . .        a - +0 robe
rPois   .            (no helmet)
rElec   .            (no cloak)
rCorr   .            (no gloves)
SInv    .            (no boots)
Will    .....        (no amulet)
Stlth   ++           (no ring)
HPRegen 0.23/turn    (no ring)
MPRegen 0.09/turn

%: no passive effects
@: no status effects
A: demonic guardian 1
a: no special abilities


You were on level 1 of the Dungeon.
You visited 1 branch of the dungeon, and saw 1 of its levels.

You collected 29 gold pieces.

Inventory:

Hand Weapons
 e - a +0 dagger (weapon)
Armour
 a - a +0 robe (worn)
Jewellery
 f - an amulet of faith
Scrolls
 d - a scroll of teleportation {unknown}
Potions
 b - a potion of magic
 c - a potion of mutation {unknown}


   Skills:
 + Level 1.9 Dodging
 + Level 2.0 Stealth
 + Level 2.1 Spellcasting
 + Level 1.2 Conjurations
 + Level 2.8 Fire Magic


You had 4 spell levels left.
You knew the following spells:

 Your Spells              Type           Power      Damage    Failure   Level
a - Foxfire               Conj/Fire      28%        2x1d5     10%         1

Your spell library contained the following spells:

 Spells                   Type           Power      Damage    Failure   Level
 Scorch                   Fire           20%        2d5       11%         2
 Inner Flame              Hex/Fire       5%         N/A       36%         3
 Volatile Blastmotes      Fire/Tloc      10%        2d10      36%         3
 Flame Wave               Conj/Fire      7%         2d5       67%         4


Dungeon Overview and Level Annotations

Branches:
Dungeon (1/15)

Altars:


Innate Abilities, Weirdness & Mutations

A weak demonic guardian rushes to your aid.


Message History

No target in view!
Your foxfire dissipates! x2
Your foxfire dissipates!
A goblin comes into view. It is wielding a +0 dagger.
A goblin is nearby!
A goblin is nearby!
A goblin is nearby!
You conjure some foxfire!
You conjure some foxfire!
You conjure some foxfire!
The foxfire hits the goblin.
The goblin is moderately wounded.
The goblin shouts!
Your foxfire dissipates!
The foxfire hits the goblin.
You kill the goblin!
Your foxfire dissipates! x3
You see here 3 stones.
A hobgoblin comes into view.
A hobgoblin is nearby!
A hobgoblin is nearby!
A hobgoblin is nearby!
You miscast Foxfire.
You are very lightly contaminated with residual magic.
Nothing appears to happen.
The hobgoblin shouts!
You conjure some foxfire!
You conjure some foxfire!
The foxfire hits the hobgoblin but does no damage.
The foxfire hits the hobgoblin.
The hobgoblin is almost dead.
The foxfire hits the hobgoblin.
You kill the hobgoblin!
A kobold comes into view. It is wielding a +0 whip.
A kobold is nearby!
The foxfire hits the kobold but does no damage.
Your magical contamination has completely faded away.
Things that are here:
a +0 dagger; a goblin corpse
e - a +0 dagger (weapon)
You hit the kobold.
The kobold is moderately wounded.
The kobold hits you with a +0 whip.
You closely miss the kobold.
The kobold is moderately wounded.
The kobold hits you with a +0 whip.
You hit the kobold but do no damage.
The kobold is moderately wounded.
The kobold hits you with a +0 whip.
You conjure some foxfire!
The kobold barely misses you.
You barely miss the kobold.
The kobold is moderately wounded.
The foxfire hits the kobold.
You kill the kobold!
Unknown command.
Key pressed, stopping explore.
Your foxfire dissipates!
You see here a +0 whip.
Found a stone staircase leading down.
You now have 29 gold pieces (gained 12).
f - an amulet of faith A bat comes into view.
A bat is nearby!
You conjure some foxfire!
You conjure some foxfire!
The foxfire hits the bat.
The bat is moderately wounded.
You hear a shout!
The foxfire hits the bat.
The bat is heavily wounded.
The foxfire hits the bat.
The bat is severely wounded.
The foxfire hits the bat.
You kill the bat!
A hobgoblin comes into view.
Your Stealth skill increases to level 2!
You have reached level 2!
Your demonic ancestry asserts itself...
You feel the presence of a demonic guardian.
The hobgoblin barely misses you. The hobgoblin hits you.
The hobgoblin hits you. The hobgoblin misses you. The hobgoblin hits you.
The hobgoblin hits you.
A demonic guardian appears!
The hobgoblin closely misses you.
Your iron imp hits the hobgoblin.
The hobgoblin hits you. The hobgoblin hits you.
Your iron imp hits the hobgoblin.
The hobgoblin dies!
Your iron imp disappears in a puff of smoke!
You open the door.
A kobold comes into view.
It is wielding a +1 short sword of holy wrath.
There is an open door here.
You can't go up here!
A kobold is nearby!
The kobold barely misses you.
The kobold hits you with a +1 short sword of holy wrath.
You convulse.
The kobold hits you with a +1 short sword of holy wrath.
A demonic guardian appears!
You convulse.
The kobold hits you with a +1 short sword of holy wrath.
You die...

##.#####.#####.#...##
#....# #.....#.#.#.#
##....# #.###.#.#.#.#
#.....###.........#.# #
#...........##..###.#
#######.####......##......#
........# #..5...##.######
######### #.....K##.....#
..# #....@.######.# ..#
####'########.# ..#####
#...#......# ......#
#.....###### ....(.#
#...### ......# #....
......# #..##. ####### #...
.. .. #... ##


You could see a kobold (ally target) and a friendly iron imp (summoned).

Vanquished Creatures
  A bat (D:1)
  A giant cockroach (D:1)
  A goblin (D:1)
  2 hobgoblins (D:1)
  A kobold (D:1)
  A rat (D:1)
7 creatures vanquished.

Vanquished Creatures (collateral kills)
  A hobgoblin (D:1)
1 creature vanquished.

Vanquished Creatures (others)
  26 foxfires (D:1)
26 creatures vanquished.

Grand Total: 34 creatures vanquished

Notes
Turn   | Place    | Note
-------+----------+-------------------------------------------
     0 | D:1      | browni3141 the Demonspawn Fire Elementalist began the quest
                  | for the Orb.
     0 | D:1      | Reached XP level 1. HP: 13/13 MP: 3/3
   472 | D:1      | Gained mutation: A weak demonic guardian rushes to your
                  | aid. [demonic ancestry]
   472 | D:1      | Reached XP level 2. HP: 19/19 MP: 1/5
   510 | D:1      | Slain by a kobold

Illustrated notes

Levels and vault maps discovered:
D:1:      sevenhm_arrival_forest_fort_small_5, layout_basic

Skill      XL: |  1 |
---------------+----+-----
Stealth        | 2 |  2.0
Dodging        | |  1.9
Spellcasting   | |  2.1
Conjurations   | |  1.2
Fire Magic     | |  2.8

Action                     || total
---------------------------++-------
  Melee: Unarmed           ||    10
         Dagger            ||     4
   Cast: Foxfire           ||    14
 Armour: Robe              ||    17
  Dodge: Dodged            ||    12
